 Dungeon Crawl Stone Soup version 0.30-a0-165-g1891117ce2 (webtiles) character file.

Game seed: 15887677362415757605

72115 qw the Severer (level 15, -2/96 HPs)
             Began as a Gargoyle Fighter on Sept 28, 2022.
             Was a Follower of Okawaru.
             Incinerated by a smoke demon (3 damage)
             ... with a sticky flame
             ... on level 14 of the Dungeon.
             The game lasted 00:13:17 (25270 turns).

qw the Severer (Gargoyle Fighter)                  Turns: 25270, Time: 00:13:18

Health: -2/96      AC: 29    Str: 30      XL:     15   Next: 38%
Magic:  20/20      EV: 12    Int:  9 (11) God:    Okawaru [*.....]
Gold:   1474       SH: 12    Dex: 11      Spells: 14/14 levels left

rFire   + . .      SeeInvis +    Y - +5 broad axe (flame)
rCold   x . .      Faith    .    z - +0 kite shield
rNeg    + . .      Spirit   .    f - +8 orange crystal plate armour {Archmagi, Int+3 Clar}
rPois   inf        Reflect  .    A - +1 helmet of the Ecumenical Temple {Str+4}
rElec   +          Harm     .    r - +0 cloak
rCorr   .          Rampage  .    o - +2 pair of gloves
Will    +....      Archmagi +    (no boots)
Stlth   .......... Clarity  +    (no amulet)
HPRegen 0.26/turn                h - +4 ring of evasion
MPRegen 0.17/turn                v - ring of see invisible

@: on fire, heroic, corroded, flying, glowing, unable to read
A: sickness immunity, AC +11, big wings, negative energy resistance 1,
electricity resistance, torment resistance 1, petrification resistance, hooves
1, thin skeletal structure 1, berserk 1, dopey 1, fire resistance 1, low MP 1,
cold vulnerability 1, inability to read after injury 2
a: Renounce Religion, Heroism


You were on level 14 of the Dungeon.
You worshipped Okawaru.
Okawaru was aware of your devotion.
You visited 3 branches of the dungeon, and saw 20 of its levels.

You collected 1769 gold pieces.
You spent 295 gold pieces at shops.


Innate Abilities, Weirdness & Mutations

You are immune to sickness and miasma.
Your stone body is resilient. (AC +11)
You are immune to poison.
Your large and strong wings let you fly.
You resist negative energy. (rN+)
You are resistant to electric shocks. (rElec)
You are resistant to unholy torment.
You are immune to petrification.
You have large cloven feet.
You have a somewhat thin skeletal structure. (Dex +2, Stealth+)
You sometimes lose your temper in combat.
You are dopey. (Int -2)
Your flesh is heat resistant. (rF+)
Your magical capacity is low. (-10% MP)
You are vulnerable to cold. (rC-)
You sometimes lose the ability to read scrolls when taking damage.


   Skills:
 - Level 12.1(17.1) Fighting
 - Level 15.5(20.5) Axes
 - Level 5.3(10.3) Throwing
 - Level 14.0(19.0) Armour
 - Level 2.0(7.0) Dodging
 + Level 9.4(14.4) Shields
 - Level 10.0 Invocations


You had 14 spell levels left.
You didn't know any spells.
Your spell library was empty.

Inventory:

Hand Weapons
 Y - a +5 broad axe of flaming (weapon)
Missiles
 m - 4 boomerangs
 q - a javelin (quivered)
Armour
 f - the +8 orange crystal plate armour (worn) {Archmagi, Int+3 Clar}
   (Okawaru gifted it to you on level 10 of the Dungeon)

   Int:       It affects your intelligence (+3).
   Clar:      It protects you against confusion.
 n - +0 acid dragon scales
 o - a +2 pair of gloves (worn)
 r - a +0 cloak (worn)
 z - a +0 kite shield (worn)
 A - the +1 helmet of the Ecumenical Temple (worn) {Str+4}
   (You found it on level 13 of the Dungeon)

   Str:       It affects your strength (+4).
Jewellery
 h - a +4 ring of evasion (left hand)
 u - a +4 ring of protection
 v - a ring of see invisible (right hand)
 w - a ring of resist corrosion
 y - a ring of protection from cold
Scrolls
 a - 6 scrolls of identify
Potions
 c - 4 potions of haste
 d - 5 potions of might
 e - 3 potions of attraction
 g - 2 potions of resistance
 k - 13 potions of curing
 t - 2 potions of lignification
 x - 3 potions of magic

Dungeon Overview and Level Annotations

Branches:
Dungeon (14/15)            Temple (1/1) D:5            Lair (5/5) D:10
  Swamp (0/4) Lair:2       Spider (0/4) Lair:2        Slime (0/5) Lair:4
    Orc (0/2) D:12         Vaults (0/5) D:13

Altars:
Ashenzari
Cheibriados
Dithmenos
Elyvilon
Fedhas
Gozag
Hepliaklqana
Kikubaaqudgha
Makhleb
Nemelex Xobeh
Okawaru
Qazlal
Ru
Sif Muna
Trog
Uskayaw
Vehumet
Wu Jian
Xom
Yredelemnul
Zin
The Shining One

Shops:
D:6 :=?

Annotations:
D:9 1 runed translucent door
Lair:4 1 runed translucent door


Message History

You barely miss the orange demon.
The orange demon is moderately wounded.
You hit the smoke demon but do no damage.
The obsidian statue's eyes glow briefly.
You hit the orange demon but do no damage.
The orange demon is moderately wounded.
You completely miss the smoke demon.
The orange demon disappears in a puff of smoke!
The smoke demon gestures at you. Something smites you!
You hit the smoke demon but do no damage.
You kick the smoke demon, but do no damage.
The smoke demon is moderately wounded.
You block the red devil's attack.
The smoke demon hits you but does no damage.
The smoke demon barely misses you. The smoke demon closely misses you.
The obsidian statue's eyes glow briefly.
You barely miss the smoke demon. Your kick misses the smoke demon.
The smoke demon is moderately wounded.
You block the red devil's attack. The smoke demon gestures at you.
The sticky flame hits you but does no damage.
You are covered in liquid flames!
You barely miss the smoke demon.
The smoke demon is moderately wounded.
You are covered in liquid flames!
You are no longer on fire.
The obsidian statue's eyes glow briefly.
The obsidian statue attempts to bespell you!
You are unaffected.
You block the red devil's attack.
You completely miss the smoke demon.
The smoke demon is moderately wounded.
The smoke demon gestures at you.
The sticky flame hits you but does no damage.
You are covered in liquid flames!
The obsidian statue's eyes glow briefly.
You hit the smoke demon but do no damage.
The smoke demon is moderately wounded.
You are covered in liquid flames!
You die...

..##.............................
..##..>......###............###..
.......###...# #............# #..
.......# #...###............# #..
...##..# #...#..............# #..
...##..# #..................# #..
...##..# #...45[4...........# #..
...##..# #.(5###............# #..
...##..# #..)#8#@...........# #..
...##..# #...###3...........# #..
...##..# #...=[?5...........###..
...##..# #.......................
...##..# #...###.................
...##..# #...# #...###...........
...##..# #...# #...# #...........
...##..# #...# #...# #...........
.......# #...# #...# #...........


You could see an obsidian statue, an orange demon (summoned), a smoke demon
(summoned), a red devil (summoned), 2 iron imps and a shadow imp (summoned).

Vanquished Creatures
  Kirke (D:12)
  An ice dragon (D:10)
  8 vault guards (D:13)
  9 hydras
  A great orb of eyes (D:10)
  A merfolk avatar (Lair:5)
  6 centaur warriors
  2 catoblepae
  Erica (D:10)
  6 death yaks (Lair:3)
  3 boulder beetles
  5 two-headed ogres
  A deep troll (D:10)
  A lindwurm (Lair:5)
  A deep elf pyromancer (D:13)
  5 ugly things
  5 cyclopes
  4 manticores
  An oklob plant (Lair:3)
  Joseph (Lair:1)
  2 torpor snails (Lair:5)
  7 elephants
  4 black mambas
  13 cane toads
  An unseen horror (D:8)
  Maggie (D:8)
  A gargoyle (D:10)
  A kobold demonologist (D:10)
  7 rime drakes
  11 komodo dragons
  3 trolls
  A wind drake (Lair:5)
  A meliai (D:10)
  2 hornets
  2 polar bears
  20 blink frogs
  3 slime creatures (D:14)
  3 snapping turtles (Lair:5)
  A jumping spider (Lair:2)
  Sigmund (D:6)
  2 shadows
  A culicivora (Lair:2)
  6 wyverns
  Eustachio (D:4)
  27 yaks
  5 hogs (D:12)
  7 wraiths
  5 steam dragons
  2 redbacks (Lair:2)
  4 vampire mosquitoes
  4 basilisks
  3 wargs (D:10)
  Menkaure (D:6)
  4 swamp worms (Lair:2)
  Edmund (D:4)
  7 water moccasins
  2 acid dragons
  An ice beast (D:7)
  2 sky beasts (D:8)
  9 orc warriors
  3 black bears
  2 ogres
  22 centaurs
  A kobold brigand (D:7)
  4 necrophages
  Blork the orc (D:6)
  13 bullfrogs
  A gnoll sergeant (D:10)
  6 wights
  9 killer bees
  An electric eel (D:8)
  6 howler monkeys
  2 hounds (D:5)
  3 jellies
  13 orc priests
  4 gnoll boudas
  3 iguanas
  12 orc wizards
  5 hell rats (Lair:5)
  4 gnolls
  12 adders
  A shadow imp (D:5)
  A white imp (D:8)
  An ufetubus (D:6)
  2 worms
  3 dart slugs
  48 orcs
  4 endoplasms
  2 giant cockroaches
  7 goblins
  7 hobgoblins
  9 jackals
  12 kobolds
  4 quokkas
  5 ball pythons
  5 bats
  3 frilled lizards
  4 rats
487 creatures vanquished.

Vanquished Creatures (others)
  A centaur (D:11)
  42 fungi
  81 plants
124 creatures vanquished.

Grand Total: 611 creatures vanquished

Notes
Turn   | Place    | Note
-------+----------+-------------------------------------------
     0 | D:1      | qw the Gargoyle Fighter began the quest for the Orb.
     0 | D:1      | Reached XP level 1. HP: 14/14 MP: 1/1
     0 | D:1      | 0 ||| qw: Version: 0.2-a-12-gaebbb33
     0 | D:1      | 0 ||| qw: Game counter: 740
     0 | D:1      | 0 ||| qw: Always use a shield: true
     0 | D:1      | 0 ||| qw: God list: Okawaru
     0 | D:1      | 0 ||| qw: Allow faded altars: false
     0 | D:1      | 0 ||| qw: Do Orc after D:15 true
     0 | D:1      | 0 ||| qw: Do second Lair branch before Depths: true
     0 | D:1      | 0 ||| qw: Lair rune preference: random
     0 | D:1      | 0 ||| qw: Plans: Normal, Zot:1-4, God:TSO, Crypt, Tomb,
                  | Pan, Slime:5, Hells, Abyss, Orb
     0 | D:1      | 0 ||| PLANNING D:1-11
    61 | D:1      | Reached skill level 2 in Axes
   100 | D:1      | Reached XP level 2. HP: 19/19 MP: 2/2
   504 | D:1      | 504 ||| Stepping ~*~*~tactically~*~*~ (stealth).
   512 | D:1      | HP: 3/19 [gnoll/+0 flail (3)]
   515 | D:1      | Reached skill level 3 in Axes
   515 | D:1      | Reached XP level 3. HP: 3/23 MP: 3/3
   807 | D:1      | 807 ||| DROPPING +0 mace.
  1291 | D:1      | 1291 ||| READING scroll labelled EREKE DAOSOC.
  1292 | D:1      | 1292 ||| READING scroll labelled ZIGGUVIM CIBLY.
  1296 | D:1      | 1296 ||| DRINKING 3 silvery potions.
  1297 | D:1      | 1297 ||| DRINKING 2 coppery potions.
  1306 | D:2      | 1306 ||| STAIRDANCE
  1356 | D:2      | 1356 ||| Stepping ~*~*~tactically~*~*~ (stealth).
  1438 | D:2      | HP: 4/23 [worm (4)]
  1439 | D:2      | 1439 ||| DRINKING 2 potions of heal wounds.
  1527 | D:2      | 1527 ||| Stepping ~*~*~tactically~*~*~ (stealth).
  1759 | D:2      | 1759 ||| Stepping ~*~*~tactically~*~*~ (stealth).
  1764 | D:2      | Reached XP level 4. HP: 28/28 MP: 4/4
  2150 | D:2      | 2150 ||| UPGRADING to +0 pair of gloves.
  2155 | D:2      | 2155 ||| UPGRADING to +4 ring of evasion.
  2156 | D:2      | 2156 ||| READING 2 scrolls labelled ROT PINUNOSUSCH.
  2157 | D:2      | 2157 ||| READING scroll labelled QOEKUA TANODE.
  2158 | D:2      | 2158 ||| READING scroll labelled NUJAFFEUPH.
  2159 | D:2      | 2159 ||| READING 2 scrolls labelled JEWIVAGHIN.
  2160 | D:2      | 2160 ||| READING scroll labelled KUGGOZX RINKA.
  2161 | D:2      | 2161 ||| DRINKING 3 viscous blue potions.
  2266 | D:2      | 2266 ||| DROPPING scroll of fear.
  2267 | D:2      | 2267 ||| DROPPING 2 potions of berserk rage.
  2268 | D:2      | 2268 ||| DROPPING scroll of blinking.
  2308 | D:3      | Found a faded altar of an unknown god.
  2311 | D:3      | 2311 ||| READING scroll of enchant weapon.
  2311 | D:3      | 2311 ||| ENCHANTING +1 war axe.
  2323 | D:3      | 2323 ||| Stepping ~*~*~tactically~*~*~ (stealth).
  2370 | D:3      | 2370 ||| Stepping ~*~*~tactically~*~*~ (stealth).
  2399 | D:3      | Reached skill level 4 in Axes
  2536 | D:3      | 2536 ||| Stepping ~*~*~tactically~*~*~ (stealth).
  2543 | D:3      | 2543 ||| Stepping ~*~*~tactically~*~*~ (stealth).
  2579 | D:3      | Found a broken altar of Ashenzari.
  2656 | D:3      | 2656 ||| Stepping ~*~*~tactically~*~*~ (stealth).
  2757 | D:3      | 2757 ||| UPGRADING to amulet of guardian spirit.
  2762 | D:3      | 2762 ||| UPGRADING to +6 ring of dexterity.
  2763 | D:3      | 2763 ||| READING scroll labelled RAALEY QEESCH.
  2763 | D:3      | Identified a scroll of acquirement
  2763 | D:3      | 2763 ||| ACQUIRING +2 buckler of poison resistance
  2763 | D:3      | Acquired a +2 buckler of poison resistance
  2765 | D:3      | 2765 ||| UPGRADING to +2 buckler of poison resistance.
  2775 | D:3      | 2775 ||| DROPPING +0 buckler.
  2776 | D:3      | 2776 ||| READING 2 scrolls of identify.
  2776 | D:3      | 2776 ||| IDENTIFYING red potion
  2810 | D:4      | Reached XP level 5. HP: 30/32 MP: 5/5
  2844 | D:4      | 2844 ||| Stepping ~*~*~tactically~*~*~ (stealth).
  2859 | D:4      | Reached skill level 1 in Dodging
  2867 | D:4      | Reached skill level 5 in Axes
  3112 | D:4      | Noticed an ogre
  3119 | D:4      | Killed an ogre
  3120 | D:4      | Reached XP level 6. HP: 39/39 MP: 6/6
  3237 | D:4      | 3237 ||| Stepping ~*~*~tactically~*~*~ (stealth).
  3238 | D:4      | 3238 ||| Stepping ~*~*~tactically~*~*~ (stealth).
  3242 | D:4      | 3242 ||| Stepping ~*~*~tactically~*~*~ (hiding).
  3246 | D:4      | 3246 ||| Stepping ~*~*~tactically~*~*~ (hiding).
  3247 | D:4      | 3247 ||| Stepping ~*~*~tactically~*~*~ (hiding).
  3249 | D:4      | 3249 ||| Stepping ~*~*~tactically~*~*~ (hiding).
  3437 | D:4      | Noticed Edmund
  3448 | D:4      | Killed Edmund
  3743 | D:4      | Noticed Eustachio
  3762 | D:4      | Killed Eustachio
  3763 | D:4      | Reached skill level 6 in Axes
  3763 | D:4      | Reached XP level 7. HP: 35/44 MP: 5/7
  4115 | D:4      | 4115 ||| UPGRADING to +0 chain mail.
  4125 | D:4      | 4125 ||| DROPPING +0 scale mail.
  4126 | D:4      | 4126 ||| READING scroll labelled TOURIPSUUQ.
  4127 | D:4      | 4127 ||| READING scroll labelled MUNECIZUMM.
  4228 | D:4      | 4228 ||| DRINKING 2 pink potions.
  4229 | D:4      | 4229 ||| DRINKING 2 smoky dark potions.
  4230 | D:4      | 4230 ||| READING 2 scrolls of identify.
  4230 | D:4      | 4230 ||| IDENTIFYING clear potion
  4231 | D:4      | 4231 ||| DROPPING potion of degeneration.
  4244 | D:5      | Entered Level 5 of the Dungeon
  4248 | D:5      | Identified the +3 dagger of the Harvest {vorpal, SInv}
  4301 | D:5      | Reached skill level 7 in Axes
  4470 | D:5      | 4470 ||| READING scroll of enchant weapon.
  4470 | D:5      | 4470 ||| ENCHANTING +2 war axe.
  4553 | D:5      | Reached XP level 8. HP: 47/49 MP: 6/8
  4610 | D:5      | Reached skill level 1 in Throwing
  4934 | D:5      | Found a staircase to the Ecumenical Temple.
  4935 | D:5      | 4935 ||| PLANNING TEMPLE
  4935 | D:5      | 4935 ||| READING scroll labelled RUASIGHAXI.
  4936 | D:5      | 4936 ||| READING scroll labelled OJEMYI ZAUJURY.
  4942 | Temple   | Entered the Ecumenical Temple
  4971 | Temple   | 4971 ||| PLANNING OKAWARU WORSHIP
  5085 | Temple   | Became a worshipper of Warmaster Okawaru
  5086 | Temple   | 5086 ||| PLANNING D:1-11
  5086 | Temple   | 5086 ||| REMOVING amulet of guardian spirit.
  5091 | Temple   | 5091 ||| DROPPING amulet of guardian spirit.
  5232 | D:6      | 5232 ||| Stepping ~*~*~tactically~*~*~ (hiding).
  5306 | D:6      | Noticed Sigmund
  5307 | D:6      | 5307 ||| Stepping ~*~*~tactically~*~*~ (hiding).
  5318 | D:6      | Reached skill level 8 in Axes
  5353 | D:6      | Killed Sigmund
  5354 | D:6      | Reached skill level 6 in Fighting
  5478 | D:6      | Noticed Blork the orc
  5487 | D:6      | Killed Blork the orc
  5494 | D:6      | Noticed Menkaure
  5496 | D:6      | 5496 ||| Stepping ~*~*~tactically~*~*~ (hiding).
  5497 | D:6      | 5497 ||| Stepping ~*~*~tactically~*~*~ (hiding).
  5499 | D:6      | 5499 ||| Stepping ~*~*~tactically~*~*~ (hiding).
  5506 | D:6      | Killed Menkaure
  5506 | D:6      | Reached * piety under Okawaru
  5626 | D:6      | Reached skill level 1 in Invocations
  5629 | D:6      | Reached XP level 9. HP: 50/55 MP: 8/10
  5659 | D:6      | 5659 ||| INVOKING Heroism.
  5696 | D:6      | Found Digyohau's Book Shop.
  5772 | D:6      | Found Tyhu's Jewellery Emporium.
  5778 | D:6      | 5778 ||| SHOPLISTING +4 ring of evasion (540 gold, have
                  | 350).
  5778 | D:6      | 5778 ||| SHOPLISTING amulet of reflection (450 gold, have
                  | 350).
  5778 | D:6      | 5778 ||| SHOPLISTING ring of fire (375 gold, have 350).
  5778 | D:6      | 5778 ||| SHOPLISTING ring of ice (375 gold, have 350).
  5778 | D:6      | 5778 ||| SHOPLISTING ring of protection from cold (375
                  | gold, have 350).
  5778 | D:6      | 5778 ||| BUYING ring of see invisible (225 gold).
  5778 | D:6      | Bought a ring of see invisible for 225 gold pieces
  5778 | D:6      | 5778 ||| SWAPPING to +0 broad axe.
  5779 | D:6      | 5779 ||| DROPPING +3 war axe.
  5808 | D:6      | 5808 ||| INVOKING Heroism.
  5848 | D:6      | Found Pikeitri's Magic Scroll Emporium.
  5853 | D:6      | 5853 ||| BUYING scroll of identify (20 gold).
  5853 | D:6      | Bought a scroll of identify for 20 gold pieces
  5853 | D:6      | 5853 ||| BUYING scroll of identify (20 gold).
  5853 | D:6      | Bought a scroll of identify for 20 gold pieces
  5853 | D:6      | 5853 ||| BUYING scroll of teleportation (30 gold).
  5853 | D:6      | Bought a scroll of teleportation for 30 gold pieces
  5990 | D:6      | 5990 ||| UPGRADING to ring of see invisible.
  5992 | D:6      | 5992 ||| READING scroll labelled ABRUSA XIFRIT.
  5993 | D:6      | 5993 ||| READING 3 scrolls of identify.
  5993 | D:6      | 5993 ||| IDENTIFYING sedimented cyan potion
  5994 | D:6      | 5994 ||| READING 2 scrolls of identify.
  5994 | D:6      | 5994 ||| IDENTIFYING black potion
  5995 | D:6      | 5995 ||| DROPPING potion of ambrosia.
  6016 | D:7      | 6016 ||| INVOKING Heroism.
  6035 | D:7      | Reached skill level 3 in Invocations
  6041 | D:7      | 6041 ||| INVOKING Heroism.
  6065 | D:7      | 6065 ||| INVOKING Heroism.
  6073 | D:7      | 6073 ||| FLEEEEING.
  6074 | D:7      | 6074 ||| FLEEEEING.
  6075 | D:7      | 6075 ||| FLEEEEING.
  6076 | D:7      | 6076 ||| FLEEEEING.
  6077 | D:7      | 6077 ||| FLEEEEING.
  6078 | D:7      | 6078 ||| FLEEEEING.
  6079 | D:7      | 6079 ||| FLEEEEING.
  6080 | D:7      | 6080 ||| FLEEEEING.
  6081 | D:7      | 6081 ||| FLEEEEING.
  6082 | D:7      | 6082 ||| STAIRDANCE
  6442 | D:7      | 6442 ||| INVOKING Heroism.
  6595 | D:7      | 6595 ||| INVOKING Heroism.
  6828 | D:7      | 6828 ||| DROPPING +6 ring of dexterity.
  6829 | D:7      | 6829 ||| READING scroll labelled YCYDIO TOUSO.
  6830 | D:7      | 6830 ||| DRINKING 2 yellow potions.
  6831 | D:7      | 6831 ||| READING 2 scrolls of identify.
  6831 | D:7      | 6831 ||| IDENTIFYING golden potion
  6832 | D:7      | 6832 ||| DROPPING potion of invisibility.
  6833 | D:7      | 6833 ||| DROPPING potion of flight.
  6898 | D:8      | 6898 ||| Stepping ~*~*~tactically~*~*~ (stealth).
  6900 | D:8      | 6900 ||| STAIRDANCE
  6907 | D:8      | 6907 ||| STAIRDANCE
  6922 | D:8      | 6922 ||| STAIRDANCE
  6968 | D:8      | 6968 ||| STAIRDANCE
  6979 | D:8      | 6979 ||| STAIRDANCE
  7059 | D:8      | 7059 ||| INVOKING Heroism.
  7060 | D:8      | 7060 ||| STAIRDANCE
  7082 | D:8      | 7082 ||| INVOKING Heroism.
  7091 | D:8      | 7091 ||| Stepping ~*~*~tactically~*~*~ (stealth).
  7095 | D:8      | 7095 ||| Stepping ~*~*~tactically~*~*~ (stealth).
  7113 | D:8      | Noticed a two-headed ogre
  7118 | D:8      | HP: 9/55 [two-headed ogre/+0 giant spiked club (7)]
  7119 | D:8      | 7119 ||| READING 2 scrolls of teleportation.
  7120 | D:8      | 7120 ||| DRINKING 3 potions of heal wounds.
  7123 | D:8      | 7123 ||| DRINKING 2 potions of heal wounds.
  7259 | D:8      | Reached skill level 9 in Axes
  7296 | D:8      | Noticed Maggie
  7298 | D:8      | 7298 ||| Stepping ~*~*~tactically~*~*~ (hiding).
  7303 | D:8      | 7303 ||| INVOKING Heroism.
  7310 | D:8      | Killed Maggie
  7423 | D:8      | 7423 ||| Stepping ~*~*~tactically~*~*~ (stealth).
  7435 | D:8      | 7435 ||| Stepping ~*~*~tactically~*~*~ (stealth).
  7436 | D:8      | 7436 ||| Stepping ~*~*~tactically~*~*~ (stealth).
  7437 | D:8      | 7437 ||| Stepping ~*~*~tactically~*~*~ (stealth).
  7438 | D:8      | 7438 ||| Stepping ~*~*~tactically~*~*~ (stealth).
  7439 | D:8      | 7439 ||| Stepping ~*~*~tactically~*~*~ (stealth).
  7440 | D:8      | 7440 ||| INVOKING Heroism.
  7451 | D:8      | 7451 ||| Stepping ~*~*~tactically~*~*~ (stealth).
  7452 | D:8      | 7452 ||| Stepping ~*~*~tactically~*~*~ (stealth).
  7453 | D:8      | 7453 ||| Stepping ~*~*~tactically~*~*~ (stealth).
  7464 | D:8      | 7464 ||| INVOKING Heroism.
  7465 | D:8      | Killed a two-headed ogre
  7465 | D:8      | Reached ** piety under Okawaru
  7466 | D:8      | Reached XP level 10. HP: 22/65 MP: 10/13
  7673 | D:8      | 7673 ||| INVOKING Heroism.
  7801 | D:8      | 7801 ||| SWAPPING to +1 vorpal broad axe.
  7802 | D:8      | 7802 ||| DROPPING +0 broad axe.
  7832 | D:8      | 7832 ||| INVOKING Heroism.
  7883 | D:8      | 7883 ||| INVOKING Heroism.
  8000 | D:8      | 8000 ||| Stepping ~*~*~tactically~*~*~ (stealth).
  8035 | D:8      | 8035 ||| Stepping ~*~*~tactically~*~*~ (stealth).
  8247 | D:8      | 8247 ||| INVOKING Heroism.
  8291 | D:8      | Noticed an unseen horror
  8292 | D:8      | 8292 ||| Stepping ~*~*~tactically~*~*~ (cloud).
  8294 | D:8      | 8294 ||| INVOKING Heroism.
  8297 | D:8      | Reached skill level 10 in Axes
  8302 | D:8      | Killed an unseen horror
  8302 | D:8      | Reached *** piety under Okawaru
  8316 | D:8      | 8316 ||| Stepping ~*~*~tactically~*~*~ (stealth).
  8342 | D:8      | 8342 ||| Stepping ~*~*~tactically~*~*~ (stealth).
  8388 | D:8      | Identified the +3 leather armour "Efejer" {+Inv rElec}
  8403 | D:8      | 8403 ||| FLEEEEING.
  8416 | D:8      | 8416 ||| INVOKING Heroism.
  8437 | D:8      | 8437 ||| INVOKING Heroism.
  8711 | D:8      | 8711 ||| INVOKING Heroism.
  8784 | D:8      | 8784 ||| INVOKING Heroism.
  8818 | D:8      | Found a sparkling altar of Nemelex Xobeh.
  8819 | D:8      | Found a sacrificial altar of Ru.
  8819 | D:8      | Found a hazy altar of Hepliaklqana.
  8820 | D:8      | Found a hide-covered altar of Uskayaw.
  8821 | D:8      | Found a glowing golden altar of the Shining One.
  8823 | D:8      | Found a radiant altar of Vehumet.
  8825 | D:8      | Found a blossoming altar of Fedhas.
  8853 | D:8      | 8853 ||| INVOKING Heroism.
  8931 | D:8      | 8931 ||| Stepping ~*~*~tactically~*~*~ (hiding).
  8934 | D:8      | 8934 ||| INVOKING Heroism.
  8935 | D:8      | 8935 ||| READING scroll labelled NURI CETTASH.
  8938 | D:8      | 8938 ||| Stepping ~*~*~tactically~*~*~ (cloud).
  8939 | D:8      | 8939 ||| Stepping ~*~*~tactically~*~*~ (cloud).
  9038 | D:8      | 9038 ||| DROPPING +0 flail.
  9044 | D:8      | 9044 ||| READING scroll of enchant armour.
  9044 | D:8      | 9044 ||| ENCHANTING +0 pair of gloves.
  9310 | D:8      | 9310 ||| UPGRADING to +0 plate armour.
  9320 | D:8      | 9320 ||| DROPPING +0 chain mail.
  9321 | D:8      | 9321 ||| UPGRADING to +0 cloak.
  9326 | D:8      | 9326 ||| DRINKING 3 sapphire potions.
  9327 | D:8      | 9327 ||| READING 4 scrolls of identify.
  9327 | D:8      | 9327 ||| IDENTIFYING ruby potion
  9376 | D:9      | 9376 ||| Stepping ~*~*~tactically~*~*~ (hiding).
  9377 | D:9      | 9377 ||| Stepping ~*~*~tactically~*~*~ (hiding).
  9379 | D:9      | 9379 ||| INVOKING Heroism.
  9388 | D:9      | Reached skill level 6 in Armour
  9514 | D:9      | 9514 ||| Stepping ~*~*~tactically~*~*~ (hiding).
  9632 | D:9      | 9632 ||| INVOKING Heroism.
  9648 | D:9      | 9648 ||| Stepping ~*~*~tactically~*~*~ (stealth).
  9650 | D:9      | 9650 ||| Stepping ~*~*~tactically~*~*~ (stealth).
  9651 | D:9      | 9651 ||| Stepping ~*~*~tactically~*~*~ (stealth).
  9652 | D:9      | 9652 ||| Stepping ~*~*~tactically~*~*~ (stealth).
  9653 | D:9      | 9653 ||| Stepping ~*~*~tactically~*~*~ (stealth).
  9654 | D:9      | 9654 ||| Stepping ~*~*~tactically~*~*~ (stealth).
  9655 | D:9      | 9655 ||| Stepping ~*~*~tactically~*~*~ (stealth).
  9656 | D:9      | 9656 ||| Stepping ~*~*~tactically~*~*~ (stealth).
  9658 | D:9      | 9658 ||| INVOKING Heroism.
  9745 | D:9      | Found a runed translucent door.
  9746 | D:9      | 9746 ||| INVOKING Heroism.
  9754 | D:9      | Reached skill level 11 in Axes
  9788 | D:9      | Found a basalt altar of Yredelemnul.
  9790 | D:9      | 9790 ||| READING 2 scrolls of teleportation.
  9826 | D:9      | 9826 ||| Stepping ~*~*~tactically~*~*~ (hiding).
  9837 | D:9      | Reached XP level 11. HP: 69/69 MP: 14/14
  9839 | D:9      | 9839 ||| Stepping ~*~*~tactically~*~*~ (stealth).
  9840 | D:9      | 9840 ||| Stepping ~*~*~tactically~*~*~ (stealth).
  9842 | D:9      | 9842 ||| INVOKING Heroism.
  9972 | D:9      | 9972 ||| INVOKING Heroism.
  9978 | D:9      | Reached skill level 9 in Fighting
 10351 | D:10     | Entered Level 10 of the Dungeon
 10351 | D:10     | Noticed a two-headed ogre
 10352 | D:10     | 10352 ||| INVOKING Heroism.
 10356 | D:10     | Killed a two-headed ogre
 10378 | D:10     | 10378 ||| Stepping ~*~*~tactically~*~*~ (stealth).
 10383 | D:10     | 10383 ||| INVOKING Heroism.
 10386 | D:10     | 10386 ||| Stepping ~*~*~tactically~*~*~ (stealth).
 10461 | D:10     | Noticed a centaur warrior
 10462 | D:10     | Noticed a manticore
 10463 | D:10     | 10463 ||| INVOKING Heroism.
 10463 | D:10     | Noticed a deep troll
 10463 | D:10     | Noticed a great orb of eyes
 10465 | D:10     | Noticed an ice dragon
 10469 | D:10     | Killed a centaur warrior
 10469 | D:10     | Reached **** piety under Okawaru
 10476 | D:10     | Killed a manticore
 10480 | D:10     | 10480 ||| DRINKING 7 potions of curing.
 10480 | D:10     | 10480 ||| (to cure confusion)
 10480 | D:10     | Noticed a cyclops
 10483 | D:10     | 10483 ||| INVOKING Heroism.
 10485 | D:10     | Killed a great orb of eyes
 10493 | D:10     | Killed a deep troll
 10500 | D:10     | HP: 13/71 [ice dragon/blast of cold (9)]
 10501 | D:10     | 10501 ||| READING scroll of teleportation.
 10502 | D:10     | 10502 ||| DRINKING 2 potions of heal wounds.
 10512 | D:10     | 10512 ||| Stepping ~*~*~tactically~*~*~ (stealth).
 10519 | D:10     | 10519 ||| INVOKING Heroism.
 10531 | D:10     | HP: 10/71 [gnoll sergeant/+2 vampiric trident (11)]
 10532 | D:10     | 10532 ||| DRINKING potion of heal wounds.
 10568 | D:10     | 10568 ||| Stepping ~*~*~tactically~*~*~ (stealth).
 10596 | D:10     | 10596 ||| INVOKING Heroism.
 10602 | D:10     | 10602 ||| DRINKING 6 potions of curing.
 10602 | D:10     | 10602 ||| (to cure confusion)
 10685 | D:10     | 10685 ||| INVOKING Heroism.
 10689 | D:10     | Killed a cyclops
 10689 | D:10     | Reached ***** piety under Okawaru
 10690 | D:10     | Reached skill level 12 in Axes
 10690 | D:10     | Reached skill level 6 in Invocations
 10770 | D:10     | 10770 ||| INVOKING Heroism.
 10771 | D:10     | 10771 ||| INVOKING Finesse.
 10784 | D:10     | Killed an ice dragon
 10891 | D:10     | 10891 ||| Stepping ~*~*~tactically~*~*~ (stealth).
 10920 | D:10     | 10920 ||| Stepping ~*~*~tactically~*~*~ (hiding).
 10921 | D:10     | 10921 ||| Stepping ~*~*~tactically~*~*~ (hiding).
 10922 | D:10     | 10922 ||| INVOKING Heroism.
 10926 | D:10     | Reached skill level 6 in Shields
 10994 | D:10     | 10994 ||| FLEEEEING.
 10995 | D:10     | 10995 ||| FLEEEEING.
 10996 | D:10     | 10996 ||| FLEEEEING.
 10999 | D:10     | 10999 ||| FLEEEEING.
 11000 | D:10     | 11000 ||| FLEEEEING.
 11001 | D:10     | 11001 ||| FLEEEEING.
 11002 | D:10     | 11002 ||| FLEEEEING.
 11003 | D:10     | 11003 ||| FLEEEEING.
 11004 | D:10     | 11004 ||| FLEEEEING.
 11006 | D:10     | 11006 ||| FLEEEEING.
 11007 | D:10     | 11007 ||| FLEEEEING.
 11008 | D:10     | 11008 ||| FLEEEEING.
 11010 | D:10     | 11010 ||| FLEEEEING.
 11011 | D:10     | 11011 ||| FLEEEEING.
 11012 | D:10     | 11012 ||| FLEEEEING.
 11013 | D:10     | 11013 ||| FLEEEEING.
 11018 | D:10     | 11018 ||| FLEEEEING.
 11019 | D:10     | 11019 ||| FLEEEEING.
 11021 | D:10     | 11021 ||| FLEEEEING.
 11022 | D:10     | 11022 ||| FLEEEEING.
 11026 | D:10     | 11026 ||| FLEEEEING.
 11027 | D:10     | 11027 ||| FLEEEEING.
 11028 | D:10     | 11028 ||| FLEEEEING.
 11029 | D:10     | 11029 ||| STAIRDANCE
 11085 | D:10     | 11085 ||| INVOKING Heroism.
 11214 | D:10     | Found a burning altar of Makhleb.
 11263 | D:10     | Received a gift from Okawaru
 11263 | D:10     | Found the +8 orange crystal plate armour {Archmagi, Int+3
                  | Clar}
 11266 | D:10     | 11266 ||| Stepping ~*~*~tactically~*~*~ (hiding).
 11269 | D:10     | 11269 ||| INVOKING Heroism.
 11275 | D:10     | 11275 ||| Stepping ~*~*~tactically~*~*~ (hiding).
 11276 | D:10     | 11276 ||| Stepping ~*~*~tactically~*~*~ (hiding).
 11278 | D:10     | 11278 ||| Stepping ~*~*~tactically~*~*~ (hiding).
 11284 | D:10     | Reached XP level 12. HP: 70/76 MP: 17/17
 11375 | D:10     | 11375 ||| INVOKING Heroism.
 11376 | D:10     | Found a staircase to the Lair.
 11421 | D:10     | Noticed Erica
 11422 | D:10     | 11422 ||| INVOKING Heroism.
 11423 | D:10     | 11423 ||| INVOKING Finesse.
 11429 | D:10     | Killed Erica
 11430 | D:10     | Reached skill level 9 in Armour
 11587 | D:10     | 11587 ||| PLANNING LAIR
 11587 | D:10     | 11587 ||| UPGRADING to +8 orange crystal plate armour
                  | {Archmagi, Int+3 Clar}.
 11597 | D:10     | 11597 ||| DROPPING +0 plate armour.
 11643 | Lair:1   | Entered Level 1 of the Lair of Beasts
 11644 | Lair:1   | 11644 ||| INVOKING Heroism.
 11889 | Lair:1   | 11889 ||| Stepping ~*~*~tactically~*~*~ (stealth).
 11891 | Lair:1   | 11891 ||| Stepping ~*~*~tactically~*~*~ (stealth).
 11893 | Lair:1   | 11893 ||| INVOKING Heroism.
 11898 | Lair:1   | Reached skill level 9 in Invocations
 11947 | Lair:1   | 11947 ||| Stepping ~*~*~tactically~*~*~ (stealth).
 11953 | Lair:1   | 11953 ||| Stepping ~*~*~tactically~*~*~ (stealth).
 11956 | Lair:1   | 11956 ||| Stepping ~*~*~tactically~*~*~ (stealth).
 11957 | Lair:1   | 11957 ||| Stepping ~*~*~tactically~*~*~ (stealth).
 12003 | Lair:1   | 12003 ||| Stepping ~*~*~tactically~*~*~ (stealth).
 12004 | Lair:1   | 12004 ||| INVOKING Heroism.
 12005 | Lair:1   | 12005 ||| Stepping ~*~*~tactically~*~*~ (stealth).
 12086 | Lair:1   | 12086 ||| Stepping ~*~*~tactically~*~*~ (stealth).
 12089 | Lair:1   | 12089 ||| Stepping ~*~*~tactically~*~*~ (stealth).
 12252 | Lair:1   | Noticed Joseph
 12253 | Lair:1   | 12253 ||| Stepping ~*~*~tactically~*~*~ (hiding).
 12266 | Lair:1   | Killed Joseph
 12327 | Lair:1   | 12327 ||| Stepping ~*~*~tactically~*~*~ (stealth).
 12334 | Lair:1   | Reached skill level 3 in Throwing
 12498 | Lair:1   | 12498 ||| INVOKING Heroism.
 12687 | Lair:1   | Identified the +0 hat of True Grit {-Cast +Blink rN+}
 12751 | Lair:1   | 12751 ||| Stepping ~*~*~tactically~*~*~ (hiding).
 12754 | Lair:1   | 12754 ||| Stepping ~*~*~tactically~*~*~ (hiding).
 12759 | Lair:1   | 12759 ||| INVOKING Heroism.
 13155 | Lair:1   | 13155 ||| INVOKING Heroism.
 13428 | Lair:1   | 13428 ||| UPGRADING to +0 helmet.
 13433 | Lair:1   | 13433 ||| DROPPING +0 hat of True Grit {-Cast +Blink rN+}.
 13434 | Lair:1   | 13434 ||| READING 3 scrolls labelled NAAJAEXONA.
 13435 | Lair:1   | 13435 ||| READING scroll labelled GISIAK NATAAT.
 13436 | Lair:1   | 13436 ||| DROPPING 2 scrolls of butterflies.
 13501 | Lair:2   | 13501 ||| Stepping ~*~*~tactically~*~*~ (stealth).
 13503 | Lair:2   | 13503 ||| INVOKING Heroism.
 13588 | Lair:2   | Received a gift from Okawaru
 13713 | Lair:2   | 13713 ||| Stepping ~*~*~tactically~*~*~ (hiding).
 13725 | Lair:2   | Reached XP level 13. HP: 81/82 MP: 20/20
 13826 | Lair:2   | 13826 ||| Stepping ~*~*~tactically~*~*~ (hiding).
 13832 | Lair:2   | 13832 ||| Stepping ~*~*~tactically~*~*~ (stealth).
 13913 | Lair:2   | Found a hole to the Spider Nest.
 14008 | Lair:2   | 14008 ||| Stepping ~*~*~tactically~*~*~ (hiding).
 14011 | Lair:2   | 14011 ||| INVOKING Heroism.
 14027 | Lair:2   | 14027 ||| Stepping ~*~*~tactically~*~*~ (hiding).
 14028 | Lair:2   | 14028 ||| Stepping ~*~*~tactically~*~*~ (hiding).
 14032 | Lair:2   | 14032 ||| Stepping ~*~*~tactically~*~*~ (hiding).
 14094 | Lair:2   | 14094 ||| Stepping ~*~*~tactically~*~*~ (stealth).
 14098 | Lair:2   | 14098 ||| INVOKING Heroism.
 14104 | Lair:2   | Received a gift from Okawaru
 14203 | Lair:2   | Found a staircase to the Swamp.
 14337 | Lair:2   | 14337 ||| INVOKING Heroism.
 14339 | Lair:2   | 14339 ||| Stepping ~*~*~tactically~*~*~ (stealth).
 14624 | Lair:2   | 14624 ||| DROPPING +6 ring of intelligence.
 14729 | Lair:3   | 14729 ||| Stepping ~*~*~tactically~*~*~ (hiding).
 14766 | Lair:3   | Received a gift from Okawaru
 14828 | Lair:3   | 14828 ||| Stepping ~*~*~tactically~*~*~ (stealth).
 14829 | Lair:3   | 14829 ||| Stepping ~*~*~tactically~*~*~ (stealth).
 14831 | Lair:3   | 14831 ||| INVOKING Heroism.
 14832 | Lair:3   | 14832 ||| INVOKING Finesse.
 14847 | Lair:3   | 14847 ||| Stepping ~*~*~tactically~*~*~ (stealth).
 14851 | Lair:3   | Reached skill level 13 in Axes
 14865 | Lair:3   | 14865 ||| Stepping ~*~*~tactically~*~*~ (stealth).
 14938 | Lair:3   | Identified the +4 chain mail of the Gazing Gods {rF+}
                  | (Okawaru gifted it to you on level 3 of the Lair of Beasts)
 14938 | Lair:3   | Received a gift from Okawaru
 14939 | Lair:3   | Reached skill level 12 in Armour
 14960 | Lair:3   | 14960 ||| Stepping ~*~*~tactically~*~*~ (stealth).
 14962 | Lair:3   | 14962 ||| INVOKING Heroism.
 14963 | Lair:3   | 14963 ||| Stepping ~*~*~tactically~*~*~ (stealth).
 14975 | Lair:3   | 14975 ||| Stepping ~*~*~tactically~*~*~ (stealth).
 14976 | Lair:3   | 14976 ||| Stepping ~*~*~tactically~*~*~ (stealth).
 14977 | Lair:3   | 14977 ||| Stepping ~*~*~tactically~*~*~ (stealth).
 14988 | Lair:3   | 14988 ||| Stepping ~*~*~tactically~*~*~ (stealth).
 14989 | Lair:3   | 14989 ||| Stepping ~*~*~tactically~*~*~ (stealth).
 14995 | Lair:3   | 14995 ||| INVOKING Heroism.
 15023 | Lair:3   | 15023 ||| INVOKING Finesse.
 15030 | Lair:3   | Found the +1 robe of Vines {NoPotionHeal Regen++++}
 15034 | Lair:3   | 15034 ||| INVOKING Heroism.
 15240 | Lair:3   | 15240 ||| INVOKING Heroism.
 15241 | Lair:3   | 15241 ||| Stepping ~*~*~tactically~*~*~ (stealth).
 15349 | Lair:3   | 15349 ||| Stepping ~*~*~tactically~*~*~ (stealth).
 15350 | Lair:3   | 15350 ||| Stepping ~*~*~tactically~*~*~ (stealth).
 15351 | Lair:3   | 15351 ||| Stepping ~*~*~tactically~*~*~ (stealth).
 15352 | Lair:3   | 15352 ||| Stepping ~*~*~tactically~*~*~ (stealth).
 15354 | Lair:3   | 15354 ||| INVOKING Heroism.
 15463 | Lair:3   | 15463 ||| Stepping ~*~*~tactically~*~*~ (stealth).
 15467 | Lair:3   | 15467 ||| Stepping ~*~*~tactically~*~*~ (stealth).
 15470 | Lair:3   | 15470 ||| Stepping ~*~*~tactically~*~*~ (stealth).
 15472 | Lair:3   | 15472 ||| Stepping ~*~*~tactically~*~*~ (stealth).
 15474 | Lair:3   | 15474 ||| INVOKING Heroism.
 15490 | Lair:3   | Reached skill level 14 in Axes
 15572 | Lair:3   | 15572 ||| Stepping ~*~*~tactically~*~*~ (stealth).
 15573 | Lair:3   | 15573 ||| Stepping ~*~*~tactically~*~*~ (stealth).
 15574 | Lair:3   | 15574 ||| Stepping ~*~*~tactically~*~*~ (stealth).
 15594 | Lair:3   | 15594 ||| Stepping ~*~*~tactically~*~*~ (stealth).
 15633 | Lair:3   | 15633 ||| INVOKING Heroism.
 15950 | Lair:3   | 15950 ||| READING 7 scrolls of identify.
 15950 | Lair:3   | 15950 ||| IDENTIFYING fuming ruby potion
 15951 | Lair:3   | 15951 ||| DROPPING potion of brilliance.
 16043 | Lair:4   | 16043 ||| INVOKING Heroism.
 16291 | Lair:4   | Found a runed translucent door.
 16309 | Lair:4   | 16309 ||| Stepping ~*~*~tactically~*~*~ (hiding).
 16315 | Lair:4   | Gained mutation: Your large and strong wings let you fly.
                  | [Gargoyle growth]
 16315 | Lair:4   | Reached XP level 14. HP: 70/88 MP: 21/21
 16321 | Lair:4   | 16321 ||| INVOKING Heroism.
 16455 | Lair:4   | Found a staircase to the Slime Pits.
 16745 | Lair:5   | Entered Level 5 of the Lair of Beasts
 16749 | Lair:5   | 16749 ||| Stepping ~*~*~tactically~*~*~ (stealth).
 16750 | Lair:5   | 16750 ||| Stepping ~*~*~tactically~*~*~ (stealth).
 16751 | Lair:5   | 16751 ||| INVOKING Heroism.
 16769 | Lair:5   | 16769 ||| INVOKING Finesse.
 16811 | Lair:5   | 16811 ||| INVOKING Heroism.
 16832 | Lair:5   | Received a gift from Okawaru
 16971 | Lair:5   | Found an opulent altar of Gozag.
 17056 | Lair:5   | 17056 ||| Stepping ~*~*~tactically~*~*~ (stealth).
 17058 | Lair:5   | 17058 ||| Stepping ~*~*~tactically~*~*~ (hiding).
 17065 | Lair:5   | 17065 ||| INVOKING Heroism.
 17066 | Lair:5   | 17066 ||| INVOKING Finesse.
 17196 | Lair:5   | 17196 ||| Stepping ~*~*~tactically~*~*~ (stealth).
 17250 | Lair:5   | 17250 ||| INVOKING Heroism.
 17262 | Lair:5   | Received a gift from Okawaru
 17389 | Lair:5   | 17389 ||| INVOKING Heroism.
 17863 | Lair:5   | 17863 ||| INVOKING Heroism.
 17970 | Lair:5   | Received a gift from Okawaru
 18059 | Lair:5   | 18059 ||| PLANNING D:1-11
 18059 | Lair:5   | 18059 ||| DROPPING +0 helmet of intelligence.
 18060 | Lair:5   | 18060 ||| READING 7 scrolls of identify.
 18060 | Lair:5   | 18060 ||| IDENTIFYING purple potion
 18194 | D:11     | 18194 ||| INVOKING Heroism.
 18205 | D:11     | Received a gift from Okawaru
 18219 | D:11     | Reached skill level 15 in Axes
 18247 | D:11     | 18247 ||| INVOKING Finesse.
 18402 | D:11     | 18402 ||| Stepping ~*~*~tactically~*~*~ (stealth).
 18404 | D:11     | 18404 ||| FLEEEEING.
 18409 | D:11     | 18409 ||| FLEEEEING.
 18410 | D:11     | 18410 ||| FLEEEEING.
 18477 | D:11     | 18477 ||| Stepping ~*~*~tactically~*~*~ (stealth).
 18479 | D:11     | 18479 ||| INVOKING Heroism.
 18480 | D:11     | 18480 ||| INVOKING Finesse.
 18507 | D:11     | 18507 ||| Stepping ~*~*~tactically~*~*~ (stealth).
 18508 | D:11     | 18508 ||| Stepping ~*~*~tactically~*~*~ (stealth).
 18537 | D:11     | 18537 ||| Stepping ~*~*~tactically~*~*~ (stealth).
 18538 | D:11     | 18538 ||| Stepping ~*~*~tactically~*~*~ (stealth).
 18564 | D:11     | 18564 ||| Stepping ~*~*~tactically~*~*~ (stealth).
 18575 | D:11     | 18575 ||| READING scroll of enchant armour.
 18575 | D:11     | 18575 ||| ENCHANTING +1 pair of gloves.
 19030 | D:11     | 19030 ||| READING scroll of enchant weapon.
 19030 | D:11     | 19030 ||| ENCHANTING +1 broad axe of flaming.
 19036 | D:11     | 19036 ||| PLANNING D
 19061 | D:12     | Found a staircase to the Orcish Mines.
 19087 | D:12     | 19087 ||| Stepping ~*~*~tactically~*~*~ (stealth).
 19189 | D:12     | Identified the +4 hand axe "Ultimatum" {vorpal, rPois
                  | Str+5} (Okawaru gifted it to you on level 12 of the
                  | Dungeon)
 19189 | D:12     | Received a gift from Okawaru
 19339 | D:12     | 19339 ||| INVOKING Heroism.
 19340 | D:12     | 19340 ||| INVOKING Finesse.
 19507 | D:12     | Noticed Kirke
 19508 | D:12     | 19508 ||| INVOKING Heroism.
 19509 | D:12     | 19509 ||| INVOKING Finesse.
 19523 | D:12     | 19523 ||| Stepping ~*~*~tactically~*~*~ (hiding).
 19526 | D:12     | 19526 ||| DRINKING 3 potions of cancellation.
 19535 | D:12     | Killed Kirke
 19536 | D:12     | 19536 ||| Stepping ~*~*~tactically~*~*~ (hiding).
 20118 | D:13     | 20118 ||| Stepping ~*~*~tactically~*~*~ (hiding).
 20191 | D:13     | 20191 ||| INVOKING Heroism.
 20248 | D:13     | Reached skill level 12 in Fighting
 20337 | D:13     | Found a gate to the Vaults.
 20338 | D:13     | 20338 ||| Stepping ~*~*~tactically~*~*~ (stealth).
 20340 | D:13     | 20340 ||| Stepping ~*~*~tactically~*~*~ (stealth).
 20342 | D:13     | 20342 ||| Stepping ~*~*~tactically~*~*~ (stealth).
 20344 | D:13     | 20344 ||| INVOKING Heroism.
 20357 | D:13     | Reached XP level 15. HP: 63/96 MP: 20/22
 20406 | D:13     | 20406 ||| Stepping ~*~*~tactically~*~*~ (stealth).
 20412 | D:13     | 20412 ||| FLEEEEING.
 20413 | D:13     | 20413 ||| Stepping ~*~*~tactically~*~*~ (stealth).
 20415 | D:13     | 20415 ||| INVOKING Heroism.
 20856 | D:13     | Identified the +1 helmet of the Ecumenical Temple {Str+4}
 20917 | D:13     | Received a gift from Okawaru
 21031 | D:13     | 21031 ||| UPGRADING to +0 kite shield.
 21041 | D:13     | 21041 ||| DROPPING +2 buckler of poison resistance.
 21042 | D:13     | 21042 ||| UPGRADING to +1 helmet of the Ecumenical Temple
                  | {Str+4}.
 21052 | D:13     | 21052 ||| DROPPING +0 helmet.
 21080 | D:14     | 21080 ||| INVOKING Heroism.
 21112 | D:14     | 21112 ||| Stepping ~*~*~tactically~*~*~ (hiding).
 21113 | D:14     | 21113 ||| Stepping ~*~*~tactically~*~*~ (hiding).
 21197 | D:14     | 21197 ||| Stepping ~*~*~tactically~*~*~ (stealth).
 21199 | D:14     | 21199 ||| Stepping ~*~*~tactically~*~*~ (stealth).
 21203 | D:14     | Received a gift from Okawaru
 21333 | D:14     | 21333 ||| READING 3 scrolls of enchant weapon.
 21333 | D:14     | 21333 ||| ENCHANTING +2 broad axe of flaming.
 21334 | D:14     | 21334 ||| READING 2 scrolls of enchant weapon.
 21334 | D:14     | 21334 ||| ENCHANTING +3 broad axe of flaming.
 21335 | D:14     | 21335 ||| READING scroll of enchant weapon.
 21335 | D:14     | 21335 ||| ENCHANTING +4 broad axe of flaming.
 21360 | D:14     | 21360 ||| INVOKING Heroism.
 21372 | D:14     | Reached skill level 9 in Shields
 21523 | D:14     | 21523 ||| INVOKING Heroism.
 21524 | D:14     | 21524 ||| INVOKING Finesse.
 21576 | D:14     | 21576 ||| INVOKING Heroism.
 21588 | D:14     | 21588 ||| INVOKING Finesse.
 21659 | D:14     | 21659 ||| INVOKING Heroism.
 21700 | D:14     | 21700 ||| INVOKING Heroism.
 21731 | D:14     | HP: 23/96 [barbs]
 21732 | D:14     | 21732 ||| READING 3 scrolls of teleportation.
 21733 | D:14     | 21733 ||| DRINKING 4 potions of heal wounds.
 22008 | D:14     | 22008 ||| INVOKING Heroism.
 22034 | D:14     | 22034 ||| INVOKING Heroism.
 22056 | D:14     | 22056 ||| FLEEEEING.
 22057 | D:14     | 22057 ||| FLEEEEING.
 22059 | D:14     | 22059 ||| INVOKING Heroism.
 22066 | D:14     | Identified the +12 spear "Vynoa" {vorpal, rElec Dex+2 SInv}
 22122 | D:14     | 22122 ||| INVOKING Heroism.
 22127 | D:14     | 22127 ||| DRINKING 2 potions of cancellation.
 22140 | D:14     | HP: 19/96 [sun demon[an obsidian statue] (17)]
 22141 | D:14     | 22141 ||| READING 2 scrolls of teleportation.
 22142 | D:14     | 22142 ||| DRINKING 3 potions of heal wounds.
 22143 | D:14     | 22143 ||| DRINKING 2 potions of heal wounds.
 22426 | D:14     | 22426 ||| Stepping ~*~*~tactically~*~*~ (hiding).
 22563 | D:14     | 22563 ||| INVOKING Heroism.
 22571 | D:14     | Gained mutation: You sometimes lose your temper in combat.
                  | [a neqoxec]
 22593 | D:14     | 22593 ||| INVOKING Heroism.
 22650 | D:14     | 22650 ||| INVOKING Heroism.
 22660 | D:14     | 22660 ||| DRINKING potion of mutation.
 22660 | D:14     | Lost mutation: You sometimes lose your temper in combat.
                  | [potion of mutation]
 22660 | D:14     | Gained mutation: You sometimes lose your temper in combat.
                  | [potion of mutation]
 22660 | D:14     | Gained mutation: Your flesh is heat resistant. (rF+)
                  | [potion of mutation]
 22660 | D:14     | Gained mutation: You have large cloven feet. [potion of
                  | mutation]
 22660 | D:14     | Gained mutation: You have a somewhat thin skeletal
                  | structure. (Dex +2, Stealth+) [potion of mutation]
 22691 | D:14     | 22691 ||| INVOKING Heroism.
 22715 | D:14     | 22715 ||| INVOKING Heroism.
 22751 | D:14     | 22751 ||| INVOKING Heroism.
 22798 | D:14     | 22798 ||| INVOKING Heroism.
 22863 | D:14     | 22863 ||| INVOKING Heroism.
 22869 | D:14     | 22869 ||| DRINKING potion of cancellation.
 22905 | D:14     | 22905 ||| INVOKING Heroism.
 22918 | D:14     | 22918 ||| FLEEEEING.
 22919 | D:14     | 22919 ||| FLEEEEING.
 22920 | D:14     | 22920 ||| FLEEEEING.
 22921 | D:14     | 22921 ||| FLEEEEING.
 22922 | D:14     | 22922 ||| FLEEEEING.
 22923 | D:14     | 22923 ||| FLEEEEING.
 22924 | D:14     | 22924 ||| FLEEEEING.
 22925 | D:14     | 22925 ||| FLEEEEING.
 22926 | D:14     | 22926 ||| FLEEEEING.
 22927 | D:14     | 22927 ||| FLEEEEING.
 22928 | D:14     | 22928 ||| FLEEEEING.
 22936 | D:14     | 22936 ||| STAIRDANCE
 23154 | D:14     | 23154 ||| INVOKING Heroism.
 23169 | D:14     | 23169 ||| Stepping ~*~*~tactically~*~*~ (hiding).
 23173 | D:14     | 23173 ||| Stepping ~*~*~tactically~*~*~ (stealth).
 23195 | D:14     | 23195 ||| INVOKING Heroism.
 23224 | D:14     | 23224 ||| INVOKING Heroism.
 23254 | D:14     | 23254 ||| FLEEEEING.
 23255 | D:14     | 23255 ||| FLEEEEING.
 23256 | D:14     | 23256 ||| FLEEEEING.
 23257 | D:14     | 23257 ||| FLEEEEING.
 23258 | D:14     | 23258 ||| FLEEEEING.
 23259 | D:14     | 23259 ||| FLEEEEING.
 23262 | D:14     | 23262 ||| FLEEEEING.
 23263 | D:14     | 23263 ||| FLEEEEING.
 23264 | D:14     | 23264 ||| FLEEEEING.
 23265 | D:14     | 23265 ||| FLEEEEING.
 23266 | D:14     | 23266 ||| FLEEEEING.
 23267 | D:14     | 23267 ||| FLEEEEING.
 23268 | D:14     | 23268 ||| FLEEEEING.
 23269 | D:14     | 23269 ||| STAIRDANCE
 23450 | D:14     | 23450 ||| INVOKING Heroism.
 23492 | D:14     | 23492 ||| INVOKING Heroism.
 23515 | D:14     | 23515 ||| INVOKING Heroism.
 23544 | D:14     | 23544 ||| INVOKING Heroism.
 23569 | D:14     | Gained mutation: You occasionally lose the ability to read
                  | scrolls when taking damage. [a neqoxec]
 23607 | D:14     | 23607 ||| FLEEEEING.
 23608 | D:14     | 23608 ||| INVOKING Heroism.
 23620 | D:14     | Gained mutation: Your magical capacity is low. (-10% MP) [a
                  | neqoxec]
 23624 | D:14     | Gained mutation: You are dopey. (Int -2) [a neqoxec]
 23662 | D:14     | 23662 ||| INVOKING Heroism.
 23663 | D:14     | Gained mutation: You sometimes lose the ability to read
                  | scrolls when taking damage. [a neqoxec]
 23715 | D:14     | 23715 ||| INVOKING Heroism.
 23720 | D:14     | 23720 ||| READING scroll of teleportation.
 23929 | D:14     | 23929 ||| INVOKING Heroism.
 23969 | D:14     | 23969 ||| INVOKING Heroism.
 24026 | D:14     | 24026 ||| INVOKING Heroism.
 24078 | D:14     | 24078 ||| INVOKING Heroism.
 24133 | D:14     | 24133 ||| INVOKING Heroism.
 24179 | D:14     | 24179 ||| INVOKING Heroism.
 24206 | D:14     | 24206 ||| INVOKING Heroism.
 24246 | D:14     | 24246 ||| INVOKING Heroism.
 24260 | D:14     | 24260 ||| FLEEEEING.
 24261 | D:14     | 24261 ||| FLEEEEING.
 24262 | D:14     | 24262 ||| FLEEEEING.
 24268 | D:14     | 24268 ||| FLEEEEING.
 24290 | D:14     | 24290 ||| FLEEEEING.
 24291 | D:14     | 24291 ||| FLEEEEING.
 24292 | D:14     | 24292 ||| FLEEEEING.
 24293 | D:14     | 24293 ||| FLEEEEING.
 24294 | D:14     | 24294 ||| FLEEEEING.
 24295 | D:14     | 24295 ||| FLEEEEING.
 24296 | D:14     | 24296 ||| FLEEEEING.
 24297 | D:14     | 24297 ||| FLEEEEING.
 24298 | D:14     | 24298 ||| FLEEEEING.
 24299 | D:14     | 24299 ||| FLEEEEING.
 24300 | D:14     | 24300 ||| FLEEEEING.
 24301 | D:14     | 24301 ||| FLEEEEING.
 24302 | D:14     | 24302 ||| FLEEEEING.
 24303 | D:14     | 24303 ||| FLEEEEING.
 24304 | D:14     | 24304 ||| STAIRDANCE
 24533 | D:14     | 24533 ||| INVOKING Heroism.
 24582 | D:14     | 24582 ||| INVOKING Heroism.
 24618 | D:14     | 24618 ||| INVOKING Heroism.
 24763 | D:14     | 24763 ||| INVOKING Heroism.
 24801 | D:14     | 24801 ||| INVOKING Heroism.
 24850 | D:14     | HP: 14/96 [soul eater[an obsidian statue] (15)]
 24851 | D:14     | 24851 ||| DRINKING 2 potions of heal wounds.
 24856 | D:14     | 24856 ||| INVOKING Heroism.
 24886 | D:14     | 24886 ||| FLEEEEING.
 24887 | D:14     | 24887 ||| FLEEEEING.
 24888 | D:14     | 24888 ||| FLEEEEING.
 24889 | D:14     | 24889 ||| FLEEEEING.
 24890 | D:14     | 24890 ||| FLEEEEING.
 24891 | D:14     | 24891 ||| FLEEEEING.
 24892 | D:14     | 24892 ||| FLEEEEING.
 24893 | D:14     | 24893 ||| FLEEEEING.
 24894 | D:14     | 24894 ||| FLEEEEING.
 24895 | D:14     | 24895 ||| FLEEEEING.
 24896 | D:14     | 24896 ||| FLEEEEING.
 24897 | D:14     | 24897 ||| FLEEEEING.
 24898 | D:14     | 24898 ||| FLEEEEING.
 24910 | D:14     | 24910 ||| FLEEEEING.
 24911 | D:14     | 24911 ||| STAIRDANCE
 25128 | D:14     | 25128 ||| INVOKING Heroism.
 25168 | D:14     | 25168 ||| INVOKING Heroism.
 25204 | D:14     | 25204 ||| FLEEEEING.
 25205 | D:14     | 25205 ||| FLEEEEING.
 25206 | D:14     | 25206 ||| FLEEEEING.
 25207 | D:14     | 25207 ||| FLEEEEING.
 25218 | D:14     | 25218 ||| INVOKING Heroism.
 25245 | D:14     | 25245 ||| INVOKING Heroism.
 25251 | D:14     | HP: 24/96 [sun demon[an obsidian statue] (16)]
 25252 | D:14     | 25252 ||| DRINKING potion of heal wounds.
 25255 | D:14     | Gained mutation: You are vulnerable to cold. (rC-) [a
                  | neqoxec]
 25257 | D:14     | HP: 24/96 [sun demon[an obsidian statue] (12)]
 25258 | D:14     | HP: 11/96 [sun demon[an obsidian statue] (6)]
 25265 | D:14     | HP: 1/96 [smoke demon/divine providence[an obsidian statue]
                  | (11)]
 25270 | D:14     | Incinerated by a smoke demon

Levels and vault maps discovered:
D:1:      minmay_arrival_floating_metal, layout_basic, nicolae_eternal_life
D:2:      layout_loops_ring, st_stairs_2
D:3:      layout_rooms, ashenzari_conservatory_becter, basic_ecumenical_altar
D:4:      layout_cave_pods, uniq_edmund, uniq_eustachio
D:5:      layout_loops_cross, minmay_temple_entry_fiery
D:6:      layout_gridville, serial_shops, nicolae_shop_hallway_stairs, shop,
          kennysheep_little_box, uniq_blork_the_orc, uniq_menkaure, uniq_sigmund
D:7:      layout_basic
D:8:      wad_river_or_something, layout_basic, minitemple, minmay_bent,
          uniq_maggie
D:9:      layout_loops_cross, dk_yredelemnul_ordeal
D:10:     nzn_winding_woodlands_small [nzn_winding_woodlands_5x15_default,
          nzn_winding_woodlands_center_pierced_h,
          nzn_winding_woodlands_5x15_jagged], layout_rooms, bloody_makhleb,
          erik_lair_orcish_takeover, st_stairs_11, uniq_erica
D:11:     layout_cave_pools, minmay_fractal_squares_gapless_7
D:12:     layout_basic, orc_0_dummy, uniq_kirke
D:13:     layout_small_grid, erik_vaults_2
D:14:     layout_long_grid, wad_floor_pattern_untrapped, hex_tiny,
          minmay_protected_statue
Temple:   hellmonk_temple_forest_ring
Lair:1:   layout_cave_pods, grunt_megastairs_2, uniq_joseph
Lair:2:   layout_regular_city, palyth_hydra_swamp_entry,
          spider_nest_entry_funnel_web
Lair:3:   minmay_lair_venomous_thicket, layout_regular_city,
          hellmonk_guarded_unrand_vines
Lair:4:   gammafunk_mikee_crab_dinner, layout_gridlike, slime_entry_1
Lair:5:   gammafunk_lair_ancient_temple, layout_gridlike, enter_volcano_1,
          basic_altar

Skill      XL: |  1  2  3  4  5  6  7  8  9 10 11 12 13 14 15 |
---------------+----------------------------------------------+-----
Axes           | 2 3 4 5 6 7 8 9 11 12 14 15 | 15.5
Dodging        | 1 2 |  2.0
Fighting       | 4 5 6 8 9 10 12 | 12.1
Throwing       | 1 3 5 |  5.3
Armour         | 4 7 8 11 12 14 | 14.0
Invocations    | 2 4 7 10 | 10.0
Shields        | 5 6 7 9 |  9.4

Action                   |  1- 3 |  4- 6 |  7- 9 | 10-12 | 13-15 || total
-------------------------+-------+-------+-------+-------+-------++-------
Melee: War axe           |    93 |   110 |   117 |       |       ||   320
       Broad axe         |       |       |   155 |   512 |  2116 ||  2783
       Kick              |       |       |       |       |   344 ||   344
Throw: Boomerang         |       |    37 |    43 |    25 |   108 ||   213
       Javelin           |       |       |       |    12 |    94 ||   106
Invok: Heroism           |       |       |    12 |    37 |    73 ||   122
       Finesse           |       |       |       |     2 |    10 ||    12
  Use: Potion            |     3 |     1 |     5 |     5 |     9 ||    23
       Scroll            |     2 |     8 |    12 |     7 |    10 ||    39
 Stab: Distracted        |       |       |       |     1 |       ||     1
       Invisible         |       |       |       |       |     4 ||     4
Armor: Scale mail        |    30 |    44 |     8 |       |       ||    82
       Chain mail        |       |       |    91 |    27 |       ||   118
       Plate armour      |       |       |       |   105 |       ||   105
       Crystal plate arm |       |       |       |    84 |  1198 ||  1282
Dodge: Dodged            |    27 |    66 |   144 |   200 |   865 ||  1302
Block: Buckler           |    15 |    42 |    75 |   149 |   163 ||   444
       Kite shield       |       |       |       |       |   926 ||   926

Table legend:
 A = Non-vault XP
 B = Vault XP
 C = Vault XP percentage of total XP
 D = Non-vault monster count
 E = Vault monster count
 F = Vault count percentage of total count
                 A         B        C        D         E       F
            +---------+---------+-------+---------+---------+-------
      Total |   63195 |   39827 |  38.7 |     355 |     133 |  27.3
            +---------+---------+-------+---------+---------+-------
        D:1 |      52 |       0 |   0.0 |      21 |       0 |   0.0
        D:2 |      27 |       6 |  18.2 |      14 |       4 |  22.2
        D:3 |      66 |       0 |   0.0 |      15 |       0 |   0.0
        D:4 |     409 |     366 |  47.2 |      19 |       2 |   9.5
        D:5 |     515 |       0 |   0.0 |      14 |       0 |   0.0
        D:6 |     616 |     486 |  44.1 |      12 |       3 |  20.0
        D:7 |     562 |     112 |  16.6 |      27 |       2 |   6.9
        D:8 |    1773 |    2942 |  62.4 |      18 |      22 |  55.0
        D:9 |    1659 |       0 |   0.0 |      27 |       0 |   0.0
       D:10 |    2028 |    8647 |  81.0 |      14 |      30 |  68.2
       D:11 |    3500 |    2318 |  39.8 |      19 |       6 |  24.0
       D:12 |    2589 |    2203 |  46.0 |      11 |       6 |  35.3
       D:13 |    5212 |    6884 |  56.9 |      12 |       8 |  40.0
       D:14 |    8108 |       0 |   0.0 |      20 |       0 |   0.0
     Lair:1 |    8808 |     644 |   6.8 |      35 |       3 |   7.9
     Lair:2 |    3442 |    3962 |  53.5 |      11 |      12 |  52.2
     Lair:3 |   12967 |    3006 |  18.8 |      35 |      13 |  27.1
     Lair:4 |    2000 |       0 |   0.0 |       7 |       0 |   0.0
     Lair:5 |    8862 |    8251 |  48.2 |      24 |      22 |  47.8
            +---------+---------+-------+---------+---------+-------
